 Dungeon Crawl Stone Soup version 0.16.2-12-gd0ad4c3 (webtiles) character file.

2064 faibistes the Cudgeler (level 9, 0/88 HPs)
             Began as an Ogre Warper on Dec 12, 2017.
             Slain by a gnoll
             ... wielding a +0 halberd
              (9 damage)
             ... on level 7 of the Dungeon.
             The game lasted 00:30:27 (13058 turns).

faibistes the Cudgeler (Ogre Warper)               Turns: 13058, Time: 00:30:27

Health: 0/88       AC:  4    Str: 18    XL:     9   Next: 25%
Magic:  22/22      EV: 10    Int: 15    God:
Gold:   25         SH:  0    Dex: 11    Spells: 7 memorised, 2 levels left

rFire  . . .     SeeInvis .     w - +1 giant spiked club
rCold  . . .     Clarity  .     b - +1 robe
rNeg   . . .     SustAb   +     (shield restricted)
rPois  .         Gourm    .     (helmet restricted)
rElec  .         Spirit   .     (no cloak)
rCorr  +         Warding  .     (gloves unavailable)
rMut   .         Stasis   .     (boots unavailable)
MR     .....                    i - amulet of resist corrosion
Stlth  +.........               g - ring of sustain abilities
                                u - +2 ring of dexterity

@: repel missiles, not resistant to hostile enchantments, very unstealthy
A: unfitting armour, tough skin 1
a: no special abilities


You were on level 7 of the Dungeon.
You were not hungry.

You visited 1 branch of the dungeon, and saw 8 of its levels.
You also visited: Sewer.

You collected 370 gold pieces.
You spent 345 gold pieces at shops.

Inventory:

Hand weapons
 a - a +1 mace
 q - a cursed +2 mace of crushing
 w - a +1 giant spiked club (weapon)
 G - a +0 giant club
Missiles
 e - a tomahawk of dispersal
 h - 136 stones (quivered)
Armour
 b - a +1 robe (worn)
Jewellery
 g - a ring of sustain abilities (right hand)
 i - an amulet of resist corrosion (around neck)
 u - a +2 ring of dexterity (left hand)
Magical devices
 o - a wand of paralysis (12)
 t - a wand of draining (0)
 x - a wand of disintegration (16)
Scrolls
 d - 6 scrolls of blinking
 k - 2 scrolls of enchant armour
 m - a scroll of teleportation
 n - a scroll of amnesia
 y - a scroll of remove curse {unknown}
 A - 2 scrolls of recharging
Potions
 j - 2 potions of curing
 l - a potion of cancellation
 r - a potion of magic
 s - 4 potions of restore abilities
 v - 2 potions of berserk rage
 z - a potion of heal wounds
 C - a potion of poison {unknown}
 D - a potion of lignification {unknown}
 F - a potion of might {unknown}
Books
 c - a book of Spatial Translocations

   Spells                             Type                      Level
   a - Apportation                    Translocation                1
   b - Blink                          Translocation                2
   c - Shroud of Golubria             Charms/Translocation         2
   d - Portal Projectile              Translocation                3
   e - Teleport Other                 Translocation                3
   f - Passage of Golubria            Translocation                4
 B - a book of Minor Magic

   Spells                             Type                      Level
   a - Magic Dart                     Conjuration                  1
   b - Blink                          Translocation                2
   c - Call Imp                       Summoning                    2
   d - Repel Missiles                 Charms/Air                   2
   e - Slow                           Hexes                        2
   f - Conjure Flame                  Conjuration/Fire             3
   g - Mephitic Cloud                 Conjuration/Poison/Air       3
Comestibles
 f - 3 meat rations
 p - a bread ration


   Skills:
 + Level 5.1 Fighting
 * Level 6.9 Maces & Flails
 * Level 4.9 Throwing
 + Level 2.5 Armour
 - Level 1.7 Dodging
 * Level 5.7 Spellcasting
 + Level 2.1 Charms
 * Level 3.8 Translocations
 * Level 4.2 Evocations


You had 2 spell levels left.
You knew the following spells:

 Your Spells              Type           Power        Failure   Level  Hunger
a - Apportation           Tloc           ###.......   3%          1    None
b - Teleport Other        Tloc           ###.....     12%         3    ###....
c - Shroud of Golubria    Chrm/Tloc      ##........   10%         2    #......
d - Blink                 Tloc           N/A          6%          2    #......
e - Portal Projectile     Tloc           ###...       12%         3    ###....
f - Repel Missiles        Chrm/Air       #.....       14%         2    #......
g - Passage of Golubria   Tloc           N/A          34%         4    ####...


Dungeon Overview and Level Annotations

Branches:
Dungeon (8/15)
 Temple: D:4-7         Lair: D:8-11

Altars:
Cheibriados
Fedhas
Kikubaaqudgha
Makhleb
Qazlal
Xom
Zin

Shops:
D:6 !=*=:

Annotations:
D:4 faibistes' ghost, average OgWr


Innate Abilities, Weirdness & Mutations

You are too large for most types of armour.
You have tough skin (AC +1).


Message History

a club; a leather armour; a gnoll corpse; a gnoll corpse You puncture the gnoll!
You kill the gnoll!
The gnoll barely misses you. The gnoll hits you with a halberd!
* * * LOW HITPOINT WARNING * * *
You barely miss the gnoll. The gnoll barely misses you.
The gnoll barely misses you.
You thump the gnoll!
The gnoll is severely wounded.
The gnoll hits you with a halberd!
* * * LOW HITPOINT WARNING * * *
You hit the gnoll.
The gnoll is almost dead.
The gnoll hits you with a halberd.
* * * LOW HITPOINT WARNING * * *
The gnoll hits you with a halberd!
* * * LOW HITPOINT WARNING * * *
Drink which item? (? for menu, Esc to quit)
You feel better. The gnoll hits you with a halberd!
You die...

#.# #########.#### ...
..........# #.#
..####....# #.# #....#
... ####....### # #.#
##.........##
#.##.##.##...........
#..g)...##.........##
#@# ####........
#.#########)###
#....###.
#......<......#
#........
#...#####..#..###
##.#####. .
#.###...#####.######
... #..#.............
###.#.#.#######.#####.
# ###.# #.# #. #.# #.#
#.


You could see a gnoll.

Vanquished Creatures
  Menkaure (D:6)
  3 ogres
  A centaur (D:6)
  2 phantoms (D:5)
  Sigmund (D:6)
  A big kobold (Sewer)
  Blork the orc (D:6)
  4 giant frogs
  A scorpion (D:5)
  A goliath beetle (D:5)
  2 crimson imps
  2 centaur zombies
  2 giant frog skeletons
  An iguana (D:3)
  2 orc wizards (D:6)
  3 worker ants
  A gnoll shaman (D:7)
  A hound zombie (D:5)
  A hound skeleton (D:6)
  A worker ant zombie (D:5)
  11 adders
  16 gnolls
  4 worms
  3 adder skeletons
  An adder zombie (D:5)
  4 giant geckos
  5 oozes
  16 orcs
  6 giant cockroaches
  7 goblins
  14 hobgoblins
  15 jackals
  23 kobolds
  3 quokkas
  2 ball pythons (D:3)
  18 bats
  3 giant newts
  A quokka skeleton (D:6)
  22 rats
206 creatures vanquished.

Vanquished Creatures (others)
  A sky beast (D:5)
1 creature vanquished.

Grand Total: 207 creatures vanquished

Notes
Turn   | Place    | Note
--------------------------------------------------------------
     0 | D:1      | faibistes, the Ogre Warper, began the quest for the Orb.
     0 | D:1      | Reached XP level 1. HP: 22/22 MP: 3/3
   342 | D:1      | Reached skill level 3 in Maces & Flails
   342 | D:1      | Reached XP level 2. HP: 25/29 MP: 5/5
   349 | D:1      | Learned a level 2 spell: Blink
   352 | D:1      | Learned a level 2 spell: Shroud of Golubria
   806 | D:1      | Reached skill level 1 in Armour
   849 | D:1      | Reached XP level 3. HP: 17/37 MP: 2/6
  1942 | D:2      | Reached XP level 4. HP: 38/45 MP: 4/8
  1967 | D:2      | Learned a level 3 spell: Teleport Other
  3070 | D:3      | Noticed an angel
  3071 | D:3      | Found a shimmering altar of Xom.
  3072 | D:3      | Found a glowing silver altar of Zin.
  3383 | D:3      | HP: 1/45 [iguana (12)]
  3385 | D:3      | Reached XP level 5. HP: 1/53 MP: 1/11
  3808 | D:2      | Reached skill level 4 in Maces & Flails
  4698 | D:3      | Reached skill level 1 in Evocations
  5328 | D:3      | Reached XP level 6. HP: 20/62 MP: 10/13
  5995 | D:4      | Learned a level 3 spell: Portal Projectile
  6240 | D:5      | Entered Level 5 of the Dungeon
  6269 | D:5      | Found a glowing drain.
  6501 | Sewer    | Entered a sewer
  6702 | Sewer    | Reached skill level 1 in Charms
  6789 | Sewer    | Found a white marble altar of Elyvilon.
  7125 | D:4      | Reached XP level 7. HP: 58/70 MP: 13/15
  7449 | D:4      | Noticed faibistes' ghost (average OgWr)
  8646 | D:5      | Reached skill level 5 in Maces & Flails
  8837 | D:5      | Found a snail-covered altar of Cheibriados.
  8848 | D:5      | Found a blossoming altar of Fedhas.
  9726 | D:5      | Found an ancient bone altar of Kikubaaqudgha.
  9906 | D:5      | Reached XP level 8. HP: 62/79 MP: 18/18
  9927 | D:5      | Learned a level 4 spell: Passage of Golubria
  9966 | D:5      | Found a stormy altar of Qazlal.
  9967 | D:5      | Found a burning altar of Makhleb.
 11238 | D:6      | Reached skill level 6 in Maces & Flails
 11256 | D:6      | Reached skill level 5 in Spellcasting
 11377 | D:6      | Found Niddoc's Jewellery Emporium.
 11400 | D:6      | Found Qaimmaq's General Store.
 11403 | D:6      | Found Tetazes' Book Shoppe.
 11407 | D:6      | Bought a potion of curing for 30 gold pieces
 11415 | D:6      | Bought a book of Minor Magic for 260 gold pieces
 11418 | D:6      | Learned a level 2 spell: Repel Missiles
 11845 | D:6      | Noticed Sigmund
 11847 | D:6      | Killed Sigmund
 11932 | D:6      | Found Skashimn's Distillery.
 11938 | D:6      | Bought a potion of berserk rage for 55 gold pieces
 12078 | D:6      | Noticed Menkaure
 12094 | D:6      | Killed Menkaure
 12094 | D:6      | Reached XP level 9. HP: 38/87 MP: 21/21
 12127 | D:6      | Noticed Blork the orc
 12132 | D:6      | Killed Blork the orc
 12614 | D:7      | Reached skill level 5 in Fighting
 12708 | D:6      | Found Blud's Jewellery Shop.
 13057 | D:7      | HP: 1/88 [gnoll/halberd (7)]
 13058 | D:7      | Slain by a gnoll

Action                   |  1- 3 |  4- 6 |  7- 9 || total
-------------------------+-------+-------+-------++-------
Melee: Mace              |   129 |   402 |    62 ||   593
       Giant club        |       |       |   277 ||   277
       Giant spiked club |       |       |    21 ||    21
Throw: Stone             |    36 |    70 |    98 ||   204
       Tomahawk          |       |     1 |     3 ||     4
 Cast: Shroud of Golubri |     6 |    52 |    56 ||   114
       Blink             |       |     5 |       ||     5
       Repel Missiles    |       |       |     1 ||     1
Evoke: Wand              |       |       |     9 ||     9
  Use: Scroll            |       |    12 |     3 ||    15
       Potion            |       |     4 |     3 ||     7
  Eat: Chunk             |     4 |    18 |    19 ||    41
       Beef jerky        |       |     1 |       ||     1
       Bread ration      |       |       |     1 ||     1
